 Dungeon Crawl Stone Soup version 0.29-a0-384-g6960b1960d (webtiles) character file.

Game seed: 13128792870783109358

1373 spaghetti the Skirmisher (level 8, -3/71 HPs)
             Began as a Hill Orc Fighter on May 7, 2022.
             Was an Initiate of Trog.
             Slain by Prince Ribbit (14 damage)
             ... on level 6 of the Dungeon.
             The game lasted 00:09:41 (6032 turns).

spaghetti the Skirmisher (Hill Orc Fighter)         Turns: 6032, Time: 00:09:42

Health: -3/71      AC:  9    Str: 19    XL:     8   Next: 66%
Magic:  8/8        EV: 10    Int: 10    God:    Trog [......]
Gold:   199        SH:  4    Dex: 10    Spells: 7/7 levels left

rFire   . . .      SeeInvis .     - Unarmed
rCold   . . .      Faith    .   b - +0 buckler
rNeg    . . .      Spirit   .   a - +0 scale mail
rPois   .          Reflect  .   (no helmet)
rElec   .          Harm     .   y - +0 cloak
rCorr   .          Rampage  .   z - +0 pair of gloves
Will    .....                   (no boots)
Stlth   ..........              (no amulet)
HPRegen 0.21/turn               (no ring)
MPRegen 0.11/turn               (no ring)

@: hasted, very quick
A: no striking features
a: Renounce Religion


You were on level 6 of the Dungeon.
You worshipped Trog.
Trog was noncommittal.
You visited 1 branch of the dungeon, and saw 6 of its levels.

You collected 199 gold pieces.


   Skills:
 * Level 6.9 Fighting
 * Level 3.8 Throwing
 + Level 5.3 Armour
 + Level 2.4 Dodging
 + Level 4.8 Shields
 * Level 5.9 Unarmed Combat


You had 7 spell levels left.
You didn't know any spells.
Your spell library contained the following spells:

 Spells                   Type           Power      Damage    Failure   Level
 Magic Dart               Conj           0%         1d3       80%         1
 Shock                    Conj/Air       0%         1d3       80%         1
 Gell's Gravitas          Tloc           0%         N/A       99%         3
 Stone Arrow              Conj/Erth      0%         3d7       99%         3
 Summon Guardian Golem    Hex/Summ       0%         N/A       99%         3
 Teleport Other           Tloc           0%         N/A       99%         3
 Animate Armour           Summ/Erth      0%         N/A       100%        4
 Dispersal                Tloc           0%         N/A       100%        6
 Orb of Destruction       Conj           0%         9d5       100%        7
 Spellforged Servitor     Conj/Summ      0%         N/A       100%        7
 Lehudib's Crystal Spear  Conj/Erth      0%         10d2      100%        8

Inventory:

Hand Weapons
 d - a +0 dagger {short}
   (You took it off a goblin on level 1 of the Dungeon)
 g - a +0 whip {mace}
   (You took it off a kobold on level 1 of the Dungeon)
 h - a +0 dagger {short}
   (You took it off a kobold on level 1 of the Dungeon)
 i - a +0 whip {mace}
   (You took it off a kobold on level 1 of the Dungeon)
 j - a +0 club {mace}
   (You took it off a goblin on level 1 of the Dungeon)
 k - a +0 hunting sling {sling}
   (You found it on level 1 of the Dungeon)
 l - a +0 short sword {short}
   (You took it off a kobold on level 1 of the Dungeon)
 p - a +0 club {mace}
   (You took it off a goblin on level 1 of the Dungeon)
 q - a +0 dagger {short}
   (You took it off a goblin on level 1 of the Dungeon)
 u - a +0 club {mace}
   (You took it off a goblin on level 1 of the Dungeon)
 w - a +0 short sword {short}
   (You took it off a kobold on level 1 of the Dungeon)
 x - a +0 dagger {short}
   (You found it on level 2 of the Dungeon)
 A - a +0 hand axe {axe}
   (You took it off a goblin on level 2 of the Dungeon)
 B - a +0 club {mace}
   (You found it on level 2 of the Dungeon)
 C - a +0 short sword {short}
   (You took it off a kobold on level 2 of the Dungeon)
Missiles
 e - 182 stones (quivered) {throwing}
 f - a throwing net {=f!fthrowing}
 H - 6 poisoned darts {throwing}
Armour
 a - a +0 scale mail (worn)
 b - a +0 buckler (worn)
 y - a +0 cloak (worn)
   (You found it on level 2 of the Dungeon)
 z - a +0 pair of gloves (worn)
   (You found it on level 2 of the Dungeon)
Magical Staves
 F - a staff of cold {!astaff}
   (You found it on level 2 of the Dungeon)
 G - a staff of earth {!astaff}
   (You found it on level 2 of the Dungeon)
Jewellery
 N - a ring of fire
   (You found it on level 3 of the Dungeon)
Wands
 c - a wand of flame (3)
   (You took it off Grinder on level 6 of the Dungeon)
Scrolls
 m - 2 scrolls of fog
 n - 3 scrolls of teleportation {@r4}
 s - 2 scrolls of immolation {!r!r}
 t - a scroll of identify {@r1}
 I - 3 scrolls of magic mapping {!r}
 J - 2 scrolls of enchant armour
Potions
 v - 2 potions of attraction {!q}

Dungeon Overview and Level Annotations

Branches:
Dungeon (6/15)
 Temple: D:4-7

Altars:
Sif Muna
Trog

Shops:
D:3 [

Annotations:
D:5 3 runed translucent doors, happo123's ghost, novice TrBe
D:6 Prince Ribbit

######..#
####..#####.
#...........
#.##..######
#.##..#
#.....#
#..##.#
#..##.####
#..##hSF@#
#..#####o#
#..# #5#
#... ...
##.# #...
... #####


You could see Prince Ribbit (ally target), an orc (ally target), a friendly
black bear (summoned), a friendly adder (summoned) and a friendly white imp
(summoned).


Message History

v - 2 potions of attraction {!q} (gained 1)
You start resting.
You feel less attractive to monsters. 😨 HP[+5]
You regained 5 hp, and now have 30/71 hp.
Unknown command.
Unknown command.
You start resting.
An adder comes into view.
The adder moves out of view. 😨 HP[+1]
You start resting.
You feel your willpower return. 😨 HP[+2]
You regained 2 hp, and now have 33/71 hp.
You start resting.
An adder is nearby! 😨 HP[+1] Unknown command.
Aiming: Throw Flame
Press: ? - help, Shift-Dir - straight line, f - adder
Aim: an adder (wandering, hasn't noticed you, 48% to hit)
The puff of flame misses the adder.
Aiming: Throw Flame
Press: ? - help, Shift-Dir - straight line, f/p - adder
Aim: an adder (48% to hit)
The puff of flame hits the adder!
Aiming: Throw Flame
Press: ? - help, Shift-Dir - straight line, f/p - adder
Aim: an adder (severely wounded, 48% to hit)
The puff of flame misses the adder.
You hit the adder. The adder misses you. You block the adder's attack. 😨 HP[+1]
You punch the adder!
You kill the adder!
Trog accepts your kill.
You start resting. 😎 HP[+36]
Your hp is fully restored (71).
Prince Ribbit comes into view.
Prince Ribbit hits you. 😕 HP[-3]
You take 3 damage, and now have 68/71 hp.
You hit Prince Ribbit. Prince Ribbit barely misses you.
You barely miss Prince Ribbit. Prince Ribbit hits you! 😕 HP[-12]
You take 12 damage, and now have 56/71 hp.
You closely miss Prince Ribbit. Prince Ribbit hits you!
You block Prince Ribbit's attack. 😮 HP[-7]
You take 7 damage, and now have 49/71 hp.
Okay, then.
You punch Prince Ribbit! Prince Ribbit hits you. 😮 HP[-1]
You take 1 damage, and now have 48/71 hp.
You barely miss Prince Ribbit. Prince Ribbit hits you. 😮 HP[-6]
You take 6 damage, and now have 42/71 hp.
You miss Prince Ribbit.
Prince Ribbit hits you but does no damage.
You hit Prince Ribbit. Prince Ribbit barely misses you.
Prince Ribbit croaks regally.
Prince Ribbit misses you.
You punch Prince Ribbit!
You hear a shout!
Prince Ribbit hits you but does no damage.
An orc comes into view. It is wielding a +0 mace. 😮 HP[+1]
You miss Prince Ribbit.
Prince Ribbit hits you but does no damage.
You closely miss Prince Ribbit.
Prince Ribbit blinks!
You hit the orc. Prince Ribbit hits you!
* * * LOW HITPOINT WARNING * * *
The orc hits you with a +0 mace.
* * * LOW HITPOINT WARNING * * *
😨 HP[-16]
You take 16 damage, and now have 27/71 hp.
MASSIVE DAMAGE!! (PAUSE) Unknown command.
You feel yourself speed up. Prince Ribbit hits you!
* * * LOW HITPOINT WARNING * * *
The orc hits you with a +0 mace.
* * * LOW HITPOINT WARNING * * *
😱 HP[-14]
You take 14 damage, and now have 13/71 hp.
As you read the scroll of summoning, it crumbles to dust.
Wisps of shadow whirl around you... Prince Ribbit hits you.
* * * LOW HITPOINT WARNING * * *
😱 HP[-1]
You take 1 damage, and now have 12/71 hp.
Unknown command.
The orc hits you with a +0 mace.
* * * LOW HITPOINT WARNING * * *
😱 HP[-1]
You take 1 damage, and now have 11/71 hp.
Aiming: Throw Flame
Press: ? - help, Shift-Dir - straight line, f - Prince Ribbit
Aim: Prince Ribbit (severely wounded, ally target, 45% to hit)
The puff of flame hits Prince Ribbit!
Prince Ribbit hits you!
You die...

Skill      XL: |  1  2  3  4  5  6  7  8 |
---------------+-------------------------+-----
Fighting       | 4 5 6 |  6.9
Unarmed Combat | 3 4 5 |  5.9
Armour         | 4 5 |  5.3
Throwing       | 1 2 3 |  3.8
Dodging        | 1 2 |  2.4
Shields        | 4 |  4.8

Action                   |  1- 3 |  4- 6 |  7- 9 || total
-------------------------+-------+-------+-------++-------
Melee: Unarmed           |   165 |    92 |    90 ||   347
Throw: Stone             |    39 |    16 |     5 ||    60
Evoke: Wand              |       |       |    12 ||    12
  Use: Potion            |       |     8 |     4 ||    12
       Scroll            |       |     1 |     9 ||    10
Armor: Scale mail        |    71 |    61 |    65 ||   197
       Skin              |       |     4 |       ||     4
Dodge: Dodged            |    65 |    46 |    60 ||   171
Block: Buckler           |    28 |    16 |    20 ||    64

Levels and vault maps discovered:
D:1:      ncdulo_watergridlock, layout_basic,
          hellmonk_ecumenical_altar_dog_temple, grunt_decor_arrowhead
D:2:      layout_loops_ring
D:3:      layout_rooms, serial_shops, nicolae_square_shop, serial_corexii_hall,
          chequers_hall_statues_wall_a, corexii_hall_statues_l
D:4:      layout_loops_ring, serial_shops, shop
D:5:      dreamdust_elfheim, layout_basic, gammafunk_ghost_split
D:6:      layout_loops_ring, nzn_overflow_gifts_of_might_and_magic, minmay_bent,
          uniq_prince_ribbit1, uniq_grinder, uniq_duvessa

Notes
Turn   | Place    | Note
-------+----------+-------------------------------------------
     0 | D:1      | spaghetti the Hill Orc Fighter began the quest for the Orb.
     0 | D:1      | Reached XP level 1. HP: 19/19 MP: 1/1
     0 | D:1      | magus.rc [v1.9.6]
     9 | D:1      | You add the spells Gell's Gravitas, Teleport Other and
                  | Dispersal to your library.
    21 | D:1      | You pick up a book of Dangerous Friends and begin
                  | reading...
    21 | D:1      | You add the spells Summon Guardian Golem, Orb of
                  | Destruction and Spellforged Servitor to your library.
   329 | D:1      | Reached XP level 2. HP: 27/27 MP: 2/2
  1099 | D:1      | Reached skill level 4 in Fighting
  1153 | D:1      | Reached XP level 3. HP: 33/33 MP: 3/3
  1168 | D:1      | Found a faded altar of an unknown god.
  1919 | D:2      | Reached skill level 3 in Unarmed Combat
  2343 | D:2      | Reached XP level 4. HP: 35/40 MP: 4/4
  2441 | D:2      | Reached skill level 4 in Armour
  3246 | D:3      | Found Emasyjof's Antique Armour Emporium.
  3326 | D:3      | Reached XP level 5. HP: 40/47 MP: 5/5
  3796 | D:4      | Noticed a yak
  3796 | D:4      | Noticed a yak
  3796 | D:4      | Noticed a yak
  3799 | D:5      | Entered Level 5 of the Dungeon
  3966 | D:5      | Found a runed translucent gate.
  3966 | D:5      | Noticed a vampire
  3967 | D:5      | Found a runed translucent gate.
  3967 | D:5      | Found a runed translucent gate.
  3967 | D:5      | Noticed a phantom
  3972 | D:5      | Noticed happo123's ghost (novice TrBe)
  3981 | D:5      | Killed a phantom
  3982 | D:5      | Reached skill level 5 in Fighting
  3982 | D:5      | Reached skill level 1 in Throwing
  3982 | D:5      | Reached skill level 1 in Dodging
  3982 | D:5      | Reached XP level 6. HP: 54/56 MP: 6/6
  4012 | D:5      | Noticed a steam dragon
  4018 | D:5      | HP: 12/56 [steam dragon (7)]
  4021 | D:5      | HP: 2/56 [steam dragon (8)]
  4025 | D:5      | Killed a steam dragon
  4026 | D:5      | Reached skill level 4 in Unarmed Combat
  4398 | D:5      | Reached skill level 4 in Shields
  4399 | D:5      | Reached skill level 2 in Throwing
  4402 | D:5      | Reached XP level 7. HP: 40/61 MP: 7/7
  4723 | D:5      | Reached skill level 6 in Fighting
  4723 | D:5      | Reached skill level 2 in Dodging
  4723 | D:5      | Reached skill level 5 in Unarmed Combat
  4767 | D:5      | You pick up a book of Armaments and begin reading...
  4767 | D:5      | You add the spells Stone Arrow, Animate Armour and
                  | Lehudib's Crystal Spear to your library.
  5236 | D:6      | Reached XP level 8. HP: 51/70 MP: 8/8
  5369 | D:6      | Reached skill level 3 in Throwing
  5378 | D:6      | Reached skill level 5 in Armour
  5512 | D:6      | Found a bloodstained altar of Trog.
  5541 | D:6      | Became a worshipper of Trog the Wrathful
  5739 | D:6      | Found a shimmering blue altar of Sif Muna.
  5743 | D:6      | You add the spells Shock and Magic Dart to your library.
  5743 | D:6      | Got Sif Muna's Reference Book on Conjuration {forbidden@e2}
  5753 | D:6      | Noticed Grinder
  5753 | D:6      | Paralysed by Grinder for 2 turns
  5768 | D:6      | Paralysed by Grinder for 5 turns
  5778 | D:6      | Killed Grinder
  6017 | D:6      | Noticed Prince Ribbit
  6029 | D:6      | HP: 17/71 [Prince Ribbit (10)]
  6032 | D:6      | Slain by Prince Ribbit

Vanquished Creatures
  Grinder (D:6)
  A steam dragon (D:5)
  A water moccasin (D:5)
  2 black bears (D:6)
  A centaur (D:5)
  2 ogres (D:5)
  A phantom (D:5)
  A scorpion (D:5)
  A bullfrog (D:6)
  A jelly (D:3)
  A hound (D:6)
  6 adders
  A white imp (D:5)
  An ufetubus (D:5)
  2 worms
  2 dart slugs (D:1)
  6 orcs
  2 ball pythons (D:2)
  3 bats
  3 endoplasms
  3 giant cockroaches (D:1)
  7 goblins
  A hobgoblin (D:1)
  2 jackals (D:1)
  3 quokkas
  2 frilled lizards (D:1)
  6 kobolds
  4 rats
67 creatures vanquished.

Vanquished Creatures (collateral kills)
  An orc warrior (D:6)
  An orc wizard (D:6)
2 creatures vanquished.

Vanquished Creatures (others)
  A worm (D:2)
1 creature vanquished.

Grand Total: 70 creatures vanquished

Table legend:
 A = Non-vault XP
 B = Vault XP
 C = Vault XP percentage of total XP
 D = Non-vault monster count
 E = Vault monster count
 F = Vault count percentage of total count
                 A         B        C        D         E       F
            +---------+---------+-------+---------+---------+-------
      Total |    1505 |     457 |  23.3 |      65 |       5 |   7.1
            +---------+---------+-------+---------+---------+-------
        D:1 |      41 |       4 |   8.9 |      23 |       2 |   8.0
        D:2 |      67 |       0 |   0.0 |      16 |       0 |   0.0
        D:3 |      54 |       0 |   0.0 |       4 |       0 |   0.0
        D:4 |      38 |       0 |   0.0 |       6 |       0 |   0.0
        D:5 |     910 |       0 |   0.0 |      11 |       0 |   0.0
        D:6 |     395 |     453 |  53.4 |       5 |       3 |  37.5
            +---------+---------+-------+---------+---------+-------

Illustrated notes

Table legend:
 A = Kills in this place as a percentage of kills in entire the game.
 B = Kills by you in this place as a percentage of kills by you in the entire game.
 C = Kills by friends in this place as a percentage of kills by friends in the entire game.
 D = Other kills in this place as a percentage of other kills in the entire game.
 E = Experience gained in this place as a percentage of experience gained in the entire game.
 F = Experience gained in this place divided by the number of levels of this place that you have seen.
                   A       B       C       D       E      F
               +-------+-------+-------+-------+-------+----------------------
         Total | 100.0 | 100.0 | 100.0 | 100.0 | 100.0 | 327.0
       Dungeon | 100.0 | 100.0 | 100.0 | 100.0 | 100.0 | 327.0
               +-------+-------+-------+-------+-------+----------------------

Table legend: (Time is in decaauts)
 A = Elapsed time spent in this place.
 B = Non-inter-level travel time spent in this place.
 C = Inter-level travel time spent in this place.
 D = Time resting spent in this place.
 E = Time spent auto-exploring this place.
 F = Levels seen in this place.
 G = Mean time per level.
                   A        B        C        D        E       F      G
               +--------+--------+--------+--------+--------+-----+--------+
         Total |   6009 |   5877 |    132 |   1448 |   3706 |   6 | 1001.5 |
       Dungeon |   6009 |   5877 |    132 |   1448 |   3706 |   6 | 1001.5 |
               +--------+--------+--------+--------+--------+-----+--------+

Top non-repeatable levels by time:
     D:1: 1613 daAuts
     D:5: 1361 daAuts
     D:2: 1115 daAuts
     D:6: 844 daAuts
     D:3: 794 daAuts
     D:4: 281 daAuts
